 Dungeon Crawl Stone Soup version 0.26.1-2-gb8aa6d0cf2 (webtiles) character file.

Game seed: 15932082763929459557

42 nonceun the Chopper (level 3, -1/31 HPs)
             Began as a Minotaur Berserker on Mar 26, 2021.
             Was a Believer of Trog.
             Slain by an ice beast (5 damage)
             ... on level 1 of the Dungeon.
             The game lasted 00:03:31 (464 turns).

nonceun the Chopper (Minotaur Berserker)             Turns: 464, Time: 00:03:31

Health: -1/31      AC:  3    Str: 22    XL:     3   Next: 33%
Magic:  2/2        EV: 12    Int:  4    God:    Trog [**....]
Gold:   33         SH:  0    Dex:  9    Spells: 2/2 levels left

rFire    . . .     SeeInvis .   k - -3 spear (curse)
rCold    . . .     Faith    .   (no shield)
rNeg     . . .     Spirit   .   c - +0 leather armour
rPois    .         Reflect  .   (helmet restricted)
rElec    .         Harm     .   (no cloak)
rCorr    .         Rampage  .   (no gloves)
Will     .....                  (no boots)
Stlth    +.........             (no amulet)
HPRegen  0.10/turn              (no ring)
MPRegen  0.08/turn              (no ring)

@: no status effects
A: retaliatory headbutt, horns 2
a: Renounce Religion, Berserk, Trog's Hand


You were on level 1 of the Dungeon.
You worshipped Trog.
Trog was pleased with you.
You visited 1 branch of the dungeon, and saw 2 of its levels.

You collected 33 gold pieces.

Inventory:

Hand Weapons
 a - a +0 hand axe
 g - a +2 mace of venom
 h - a +1 dagger of protection
 k - a cursed -3 spear (weapon)
Missiles
 b - 25 arrows
Armour
 c - a +0 leather armour (worn)
Jewellery
 f - an uncursed ring of protection from fire {unknown}
Scrolls
 d - a scroll of identify {unknown}
 e - 3 scrolls of fog {unknown}
 l - 3 scrolls of fear {unknown}
Potions
 i - a potion of invisibility {unknown}
 j - 2 potions of curing {unknown}


   Skills:
 - Level 3.6 Fighting
 * Level 5.4 Axes
 - Level 2.4 Armour
 - Level 2.1 Dodging


You had 2 spell levels left.
You didn't know any spells.
Your spell library was empty.

Dungeon Overview and Level Annotations

Branches:
Dungeon (2/15)

Altars:


Innate Abilities, Weirdness & Mutations

You reflexively headbutt those who attack you in melee.
You have a pair of horns on your head.


Message History

You hit the ice beast.
The ice beast is lightly wounded.
The ice beast hits you but does no damage.
You closely miss the ice beast. Your headbutt misses the ice beast.
The ice beast is lightly wounded.
The ice beast hits you. The ice beast freezes you!
You closely miss the ice beast.
The ice beast is lightly wounded.
The ice beast misses you.
You barely miss the ice beast.
The ice beast is lightly wounded.
The ice beast barely misses you.
You closely miss the ice beast.
The ice beast is lightly wounded.
The ice beast hits you. The ice beast freezes you!
* * * LOW HITPOINT WARNING * * *
You hit the ice beast but do no damage. You headbutt the ice beast.
The ice beast is moderately wounded.
The ice beast hits you.
You die...

#....††##..............l
#......##...............
#.......#.............!.
#.....#.#...............
#.....#.................
#....b##................
#...).##..#+#...########
#.....##..# #...# #.....
#.@# #..?# ##Y# #...#
#.. #...# ####


You could see an ice beast.

Vanquished Creatures
  An ooze (D:1)
  4 dart slugs (D:1)
  2 bats (D:1)
  2 giant cockroaches (D:1)
  2 goblins (D:1)
  3 hobgoblins (D:1)
  4 jackals (D:1)
  A frilled lizard (D:1)
  4 kobolds (D:1)
  5 rats (D:1)
28 creatures vanquished.

Notes
Turn   | Place    | Note
-------+----------+-------------------------------------------
     0 | D:1      | nonceun the Minotaur Berserker began the quest for the Orb.
     0 | D:1      | Reached XP level 1. HP: 19/19 MP: 0/0
    47 | D:1      | Reached skill level 4 in Axes
    51 | D:1      | Reached XP level 2. HP: 21/26 MP: 1/1
   256 | D:1      | Reached skill level 5 in Axes
   317 | D:1      | Reached XP level 3. HP: 31/31 MP: 2/2
   368 | D:1      | Reached ** piety under Trog
   452 | D:1      | You fall into a shaft and drop 1 floor!
   453 | D:2      | Noticed an ice beast
   464 | D:1      | Slain by an ice beast

Illustrated notes

Levels and vault maps discovered:
D:1:      evilmike_arrival_crescent, layout_basic, minmay_pentomino_p4
D:2:      layout_basic, makhleb_heckhound_becter, lemuel_crystal_altar

Skill      XL: |  1  2 |
---------------+-------+-----
Axes           | 4 5 |  5.4
Fighting       | |  3.6
Armour         | |  2.4
Dodging        | |  2.1

Action                   || total
-------------------------++-------
Melee: Hand axe          ||    48
       Headbutt          ||    12
       Spear             ||    16
Armor: Leather armour    ||     4
       Animal skin       ||     1
Dodge: Dodged            ||    33
